 Dungeon Crawl Stone Soup version 0.25.1-2-g60ff931df9 (console) character file.

Game seed: 4240845177235695109

114 Colgate the Caller (level 4, -4/32 HPs)
             Began as a Gnoll Summoner on Aug 10, 2020.
             Slain by a centaur skeleton (5 damage)
             ... on level 4 of the Dungeon.
             The game lasted 00:39:20 (2875 turns).

Colgate the Caller (Gnoll Summoner)                 Turns: 2875, Time: 00:39:21

Health: -4/32      AC:  2    Str: 10    XL:     4   Next: 97%
Magic:  11/11      EV: 15    Int: 18    God:
Gold:   160        SH:  0    Dex: 16    Spells: 7/13 levels left

rFire    x . .     SeeInvis .   t - +0 trident
rCold    + . .     Gourm    .   (no shield)
rNeg     . . .     Faith    .   a - +0 robe
rPois    .         Spirit   .   (no helmet)
rElec    .         Reflect  .   (no cloak)
rCorr    .         Harm     .   (no gloves)
MR       .....                  (no boots)
Stlth    +++.......             e - amulet of magic regeneration
HPRegen  0.10/turn              A - ring of ice
MPRegen  0.37/turn              (no ring)

@: very slightly contaminated, slowed, very slow
A: distributed training, fangs 1, strong nose
a: no special abilities


You were on level 4 of the Dungeon.
You were not hungry.

You visited 1 branch of the dungeon, and saw 4 of its levels.

You collected 160 gold pieces.

Inventory:

Hand Weapons
 h - a +0 dagger
 l - a +0 whip
 o - a +1 hand axe of freezing
 s - a +0 flail
 t - a +0 trident (weapon)
Missiles
 d - 24 arrows
 g - 14 bolts
 k - 93 stones
 n - 6 boomerangs (quivered)
 v - 11 sling bullets
 z - 32 poisoned darts
Armour
 a - a +0 robe (worn)
 p - a +0 leather armour
 B - a +0 ring mail
Jewellery
 e - an amulet of magic regeneration (around neck)
 A - a ring of ice (left hand)
Scrolls
 b - a scroll of amnesia
 f - 5 scrolls of identify
 i - 2 scrolls of teleportation
 j - a scroll of noise {unknown}
 m - a scroll of blinking {unknown}
 q - 2 scrolls of remove curse
 r - 2 scrolls of magic mapping {unknown}
 w - a scroll of immolation {unknown}
 x - a scroll of fog {unknown}
 y - a scroll of enchant armour {unknown}
Comestibles
 c - 6 rations


   Skills:
 + Level 1.2 Fighting
 + Level 1.2 Short Blades
 + Level 1.2 Long Blades
 + Level 1.2 Axes
 + Level 1.2 Maces & Flails
 + Level 1.2 Polearms
 + Level 1.2 Staves
 + Level 1.2 Slings
 + Level 1.2 Bows
 + Level 1.2 Crossbows
 + Level 1.2 Throwing
 + Level 1.2 Armour
 + Level 4.7 Dodging
 + Level 4.3 Stealth
 + Level 1.2 Shields
 + Level 1.2 Unarmed Combat
 + Level 5.1 Spellcasting
 + Level 1.0 Conjurations
 + Level 1.0 Hexes
 + Level 1.0 Charms
 + Level 7.1 Summonings
 + Level 1.0 Necromancy
 + Level 1.0 Translocations
 + Level 1.0 Transmutations
 + Level 1.0 Fire Magic
 + Level 1.0 Ice Magic
 + Level 1.0 Air Magic
 + Level 1.0 Earth Magic
 + Level 1.0 Poison Magic
 + Level 1.4 Invocations
 + Level 1.2 Evocations


You had 7 spell levels left.
You knew the following spells:

 Your Spells              Type           Power        Failure   Level  Hunger
a - Summon Small Mammal   Summ           ####         1%          1    None
b - Call Imp              Summ           ####....     1%          2    #......
c - Call Canine Familiar  Summ           ####....     1%          3    ##.....

Your spell library contained the following spells:

 Spells                   Type           Power        Failure   Level  Hunger
 Summon Guardian Golem    Hex/Summ       ###.....     8%          3    ##.....
 Summon Ice Beast         Ice/Summ       ####....     24%         4    ####...
 Summon Lightning Spire   Summ/Air       ###.....     24%         4    ####...


Dungeon Overview and Level Annotations

Branches:
Dungeon (4/15)
 Temple: D:4-7

Altars:
Makhleb

Annotations:
D:3 3 runed translucent doors, Quickbrownfox's ghost, amateur MfVM; haesbaert's ghost, amateur DrWz; wpisznazwe's ghost, amateur SpEn; zujk's ghost, weakling MfGl


Innate Abilities, Weirdness & Mutations

Your experience applies equally to all skills.
You have very sharp teeth.
Your uncanny sense of smell can sniff out nearby items.


Message History

There is a stone staircase leading down, spattered with blood here.
You swap places.
You swap places.
There is a stone staircase leading down, spattered with blood here.
You swap places.
You swap places.
There is a stone staircase leading down, spattered with blood here.
You climb downwards.
Your summoned allies are left behind.
The centaur shoots an arrow.
The arrow completely misses you. The centaur skeleton hits you.
* * * LOW HITPOINT WARNING * * *
The centaur skeleton misses you. The centaur skeleton hits you.
* * * LOW HITPOINT WARNING * * *
There is a stone staircase leading up, spattered with blood here.
You see here 3 arrows.
The centaur skeleton hits you.
* * * LOW HITPOINT WARNING * * *
The centaur unwields a +0 shortbow.
The centaur hits you.
* * * LOW HITPOINT WARNING * * *
The centaur skeleton hits you.
You die...

# #[
#..#######.#.
#.(Z@ch......
#..####....s.
#. ##.## #


You could see a centaur, a howler monkey, a giant cockroach (wandering) and a
centaur skeleton.

Vanquished Creatures
  2 adders
  2 dart slugs
  A leopard gecko (D:3)
  2 orcs (D:3)
  A ball python (D:2)
  A giant cockroach (D:3)
  3 goblins
  4 hobgoblins (D:2)
  3 jackals (D:2)
  5 kobolds
  2 bats (D:3)
  2 rats (D:2)
28 creatures vanquished.

Vanquished Creatures (collateral kills)
  Natasha (twice) (D:3)
  3 adders (D:3)
  2 worms
  A dart slug (D:2)
  A leopard gecko (D:2)
  6 orcs
  6 goblins
  A hobgoblin (D:1)
  4 kobolds (D:2)
  A frilled lizard (D:2)
  A rat (D:1)
28 creatures vanquished.

Vanquished Creatures (others)
  2 withered plants (D:3)
2 creatures vanquished.

Grand Total: 58 creatures vanquished

Notes
Turn   | Place    | Note
-------+----------+-------------------------------------------
     0 | D:1      | Colgate the Gnoll Summoner began the quest for the Orb.
     0 | D:1      | Reached XP level 1. HP: 13/13 MP: 6/6
   459 | D:1      | Reached XP level 2. HP: 19/19 MP: 7/7
   476 | D:1      | Learned a level 2 spell: Call Imp
   842 | D:2      | Reached XP level 3. HP: 23/25 MP: 7/9
   850 | D:2      | Learned a level 3 spell: Call Canine Familiar
   952 | D:2      | Reached skill level 5 in Spellcasting
  1295 | D:2      | Reached skill level 1 in Invocations
  1586 | D:3      | Reached skill level 1 in Fighting
  1586 | D:3      | Reached skill level 1 in Short Blades
  1586 | D:3      | Reached skill level 1 in Long Blades
  1586 | D:3      | Reached skill level 1 in Axes
  1586 | D:3      | Reached skill level 1 in Maces & Flails
  1586 | D:3      | Reached skill level 1 in Polearms
  1586 | D:3      | Reached skill level 1 in Staves
  1586 | D:3      | Reached skill level 1 in Slings
  1586 | D:3      | Reached skill level 1 in Bows
  1586 | D:3      | Reached skill level 1 in Crossbows
  1586 | D:3      | Reached skill level 1 in Throwing
  1586 | D:3      | Reached skill level 1 in Armour
  1586 | D:3      | Reached skill level 1 in Shields
  1586 | D:3      | Reached skill level 1 in Unarmed Combat
  1586 | D:3      | Reached skill level 1 in Evocations
  1620 | D:3      | Reached XP level 4. HP: 20/32 MP: 7/11
  1848 | D:3      | Found a runed translucent gate.
  1848 | D:3      | Found a runed translucent gate.
  1857 | D:3      | Noticed wpisznazwe's ghost (amateur SpEn)
  1857 | D:3      | Noticed Quickbrownfox's ghost (amateur MfVM)
  1858 | D:3      | Found a runed translucent gate.
  1858 | D:3      | Noticed zujk's ghost (weakling MfGl)
  1860 | D:3      | Noticed haesbaert's ghost (amateur DrWz)
  2374 | D:3      | Reached skill level 1 in Conjurations
  2374 | D:3      | Reached skill level 1 in Hexes
  2374 | D:3      | Reached skill level 1 in Charms
  2374 | D:3      | Reached skill level 1 in Necromancy
  2374 | D:3      | Reached skill level 1 in Translocations
  2374 | D:3      | Reached skill level 1 in Transmutations
  2374 | D:3      | Reached skill level 1 in Fire Magic
  2374 | D:3      | Reached skill level 1 in Ice Magic
  2374 | D:3      | Reached skill level 1 in Air Magic
  2374 | D:3      | Reached skill level 1 in Earth Magic
  2374 | D:3      | Reached skill level 1 in Poison Magic
  2465 | D:3      | Found a burning altar of Makhleb.
  2515 | D:4      | Noticed a centaur
  2516 | D:4      | Noticed Natasha
  2803 | D:3      | Killed Natasha
  2840 | D:3      | Noticed Natasha
  2849 | D:3      | Killed Natasha
  2875 | D:4      | HP: 1/32 [centaur (1)]
  2875 | D:4      | Slain by a centaur skeleton

Illustrated notes

Levels and vault maps discovered:
D:1:      scummos_arrival_checkerplants, layout_rooms,
          hangedman_decor_diamond_cutter, chequers_arboretum
D:2:      minmay_evil_eye, layout_basic, first_ration, minivault_5
D:3:      layout_rooms, lemuel_doored_altar, gammafunk_ghost_cemetery,
          solitary_fountain, minmay_tree_intersection
D:4:      minmay_chambers_of_threes, layout_loops_ring, uniq_duvessa,
          uniq_natasha, uniq_grinder

Skill      XL: |  1  2  3  4 |
---------------+-------------+-----
Spellcasting   | 5 |  5.1
Invocations    | 1 |  1.4
Fighting       | 1 |  1.2
Short Blades   | 1 |  1.2
Long Blades    | 1 |  1.2
Axes           | 1 |  1.2
Maces & Flails | 1 |  1.2
Polearms       | 1 |  1.2
Staves         | 1 |  1.2
Slings         | 1 |  1.2
Bows           | 1 |  1.2
Crossbows      | 1 |  1.2
Throwing       | 1 |  1.2
Armour         | 1 |  1.2
Shields        | 1 |  1.2
Unarmed Combat | 1 |  1.2
Evocations     | 1 |  1.2
Conjurations   | 1 |  1.0
Hexes          | 1 |  1.0
Charms         | 1 |  1.0
Necromancy     | 1 |  1.0
Translocations | 1 |  1.0
Transmutations | 1 |  1.0
Fire Magic     | 1 |  1.0
Ice Magic      | 1 |  1.0
Air Magic      | 1 |  1.0
Earth Magic    | 1 |  1.0
Poison Magic   | 1 |  1.0
Dodging        | |  4.7
Stealth        | |  4.3
Summonings     | |  7.1

Action                   |  1- 3 |  4- 6 || total
-------------------------+-------+-------++-------
Melee: Dagger            |     6 |     2 ||     8
       Trident           |    21 |    20 ||    41
       Flail             |     6 |     3 ||     9
       Bite              |       |     2 ||     2
Throw: Boomerang         |    11 |     7 ||    18
 Cast: Summon Small Mamm |    66 |    24 ||    90
       Call Imp          |     1 |     6 ||     7
       Call Canine Famil |       |     1 ||     1
  Use: Scroll            |       |     4 ||     4
       Potion            |       |     1 ||     1
 Stab: Sleeping          |     8 |     5 ||    13
  Eat: Chunk             |     2 |     4 ||     6
Armor: Leather armour    |     2 |       ||     2
       Robe              |       |     3 ||     3
Dodge: Dodged            |    15 |    31 ||    46
